 Dungeon Sprint DCSS version 0.27-a0-1081-ge8a0a9c698 (webtiles) character file.

Game seed: 12461516009327572421

3047 mhtbhm the Scorcher (level 9, -16/41 (45) HPs)
             Began as a Deep Elf Fire Elementalist on Apr 25, 2021.
             Was the Champion of Vehumet.
             Killed from afar by Xaozekob the pandemonium lord (38 damage)
             ... with a bolt of negative energy
             ... in the Dungeon (Sprint V: "Ziggurat Sprint").
             The game lasted 00:04:38 (992 turns).

mhtbhm the Scorcher (Deep Elf Fire Elementalist)     Turns: 992, Time: 00:04:38

HP:   -16/41 (45)   AC: 17    Str:  5    XL:     9   Next: 56%
MP:   21/28         EV: 18    Int: 35    God:    Vehumet [******]
Gold: 0             SH:  0    Dex: 18    Spells: 16/35 levels left

rFire    + . .     SeeInvis +   C - +8 lance "Wyrmbane" {slay drac, rPois rF+ rC+ AC+3}
rCold    + . .     Faith    .   (no shield)
rNeg     . . .     Spirit   .   a - +5 robe of Night {Dark Will+ SInv}
rPois    +         Reflect  .   (no helmet)
rElec    .         Harm     .   (no cloak)
rCorr    .         Rampage  .   (no gloves)
Will     +....     NoTele   +   t - +2 pair of boots of the Beggar {Dex+3}
Stlth    ++........             (no amulet)
HPRegen  0.13/turn              u - +6 ring of intelligence
MPRegen  0.21/turn              r - ring "Otreip" {Drain +Blink AC+4 Int+5 SInv}

@: studying 2 skills, drained
A: no striking features
a: Renounce Religion, Evoke Blink


You were in the Dungeon.
You worshipped Vehumet.
Vehumet was exalted by your worship.
You visited 1 branch

Inventory:

Hand Weapons
 C - the +8 lance "Wyrmbane" (weapon) {slay drac, rPois rF+ rC+ AC+3}
   (You found it in the Dungeon)

   It affects your AC (+3).
   It protects you from fire.
   It protects you from cold.
   It protects you from poison.
Armour
 a - the +5 robe of Night (worn) {Dark Will+ SInv}
   (You found it in the Dungeon)

   It lets you see invisible.
   It increases your willpower.
 t - the +2 pair of boots of the Beggar (worn) {Dex+3}
   (You found it in the Dungeon)

   It affects your dexterity (+3).
Jewellery
 r - the ring "Otreip" (right hand) {Drain +Blink AC+4 Int+5 SInv}
   (You found it in the Dungeon)

   [ring of protection]

   It affects your AC (+4).
   It affects your intelligence (+5).
   It lets you see invisible.
   It lets you blink.
   It drains your maximum health when unequipped.
 u - a +6 ring of intelligence (left hand)
Wands
 y - a wand of mindburst (7)
 z - a wand of iceblast (6)
 A - a wand of acid (6)
Scrolls
 h - 4 scrolls of blinking
 m - 4 scrolls of amnesia
 n - 7 scrolls of fog
 o - 2 scrolls of holy word
 p - 5 scrolls of identify
 q - 2 scrolls of fear
Potions
 b - 2 potions of brilliance
 c - 10 potions of curing
 d - 9 potions of heal wounds
 e - 10 potions of haste
 f - 7 potions of magic
 g - 3 potions of berserk rage
 i - 2 potions of invisibility
 j - 4 potions of resistance
 k - a potion of experience
 l - 5 potions of might
Miscellaneous
 s - a tin of tremorstones (2/2)
 v - a box of beasts (inert)
 B - a lightning rod (4/4)


   Skills:
 + Level 9.4 Dodging
 - Level 3.0 Stealth
 + Level 13.8 Spellcasting
 + Level 8.2 Conjurations
 + Level 16.2 Fire Magic
 + Level 5.6 Evocations


You had 16 spell levels left.
You knew the following spells:

 Your Spells              Type           Power      Damage    Failure   Level
a - Foxfire               Conj/Fire      100%       2x1d9     0%          1
b - Conjure Flame         Conj/Fire      84%        6-21      1%          3
c - Inner Flame           Hex/Fire       69%        N/A       1%          3
d - Sticky Flame          Conj/Fire      84%        2d10      1%          4
e - Fireball              Conj/Fire      42%        3d17      1%          5
f - Stone Arrow           Conj/Erth      100%       3d13      1%          3

Your spell library contained the following spells:

 Spells                   Type           Power      Damage    Failure   Level
 Hailstorm                Conj/Ice       52%        3d12      1%          4
 Corona                   Hex            26%        N/A       1%          1
 Dazzling Flash           Conj/Hex       100%       N/A       1%          3
 Ensorcelled Hibernation  Hex/Ice        48%        N/A       2%          2
 Confusing Touch          Hex            24%        N/A       4%          3
 Tukima's Dance           Hex            24%        N/A       4%          3


Dungeon Overview and Level Annotations

Branches:
Dungeon (1/1)

Altars:
Ashenzari
Cheibriados
Dithmenos
Elyvilon
Fedhas
Gozag
Hepliaklqana
Kikubaaqudgha
Makhleb
Nemelex Xobeh
Okawaru
Qazlal
Ru
Sif Muna
Trog
Uskayaw
Vehumet
Wu Jian
Xom
Yredelemnul
Zin
The Shining One
Beogh
Jiyva
Lugonu


Message History

Xaozekob completely resists.
You hear a shout!
The fireball engulfs Boam!
Boam resists.
Boam is lightly wounded.
The fireball engulfs Tyeck.
Tyeck resists.
Tyeck is lightly wounded.
You hear a sizzling sound! x3
Boam gestures at you. The bolt of negative energy misses you.
The fire dragon breathes flames at you. The blast of flame hits you!
You resist.
Unknown command.
Unknown command.
You feel much better.
Tyeck calls on the powers of darkness!
The fire dragon convulses!
Your juvenile stingbat beast convulses!
Your body is wracked with pain!
Xaozekob is engulfed in freezing vapours.
Boam is engulfed in freezing vapours.
Your juvenile stingbat beast misses Xaozekob. x2
Unknown command.
Aiming: Iceblast
Press: ? - help, Shift-Dir - straight line, f - fire dragon, p - Xaozekob
Aim: a fire dragon (severely wounded, summoned)
The mass of ice explodes!
The iceblast engulfs the fire dragon.
The fire dragon is severely wounded.
The iceblast engulfs Boam.
Boam is lightly wounded.
Your juvenile stingbat beast hits Xaozekob.
Your juvenile stingbat beast closely misses Xaozekob.
A crimson imp comes into view. It is wielding a staff of air.
Boam hits your juvenile stingbat beast!!
Your juvenile stingbat beast dies!
Your juvenile stingbat beast's corpse disappears in a puff of smoke!
Xaozekob is engulfed in freezing vapours.
Xaozekob gestures at you. The bolt of negative energy hits you!!!
You feel drained.
Ouch! That really hurt!
You die...

▓▓▓▓▓▓▓▓▓▓▓▓▓▓▓▓▓▓▓
▓..8©8..▓ ▓..[}"..▓
▓..5§5○...▓..|))..▓
▓...☼§○○..▓.......▓
▓..D&&&§..▓.......▓
▓....○§☼..▓.......▓
▓.........▓.......▓
▓.▓..@..▓.▓.▓...▓.▓
▓....©....▓...©...▓
▓▓▓▓▓▓▓▓▓▓▓▓▓▓▓▓▓▓▓
▓..8©8..▓ ▓...}...▓
▓..)."..▓ ▓.......▓
▓.......▓ ▓.......▓


You could see Boam, Tyeck (clouds), Xaozekob, a fire dragon (summoned), an iron
imp and a crimson imp.

Vanquished Creatures
  A mummy priest (D)
  3 guardian mummies (D)
  4 air elementals (D)
  A flying skull (D)
  2 tarantellas (D)
  7 scorpions (D)
  7 mummies (D)
  A shadow imp (D)
  A white imp (D)
  An adder zombie (D)
  A bat skeleton (D)
  A ball python skeleton (D)
  2 jackal zombies (D)
32 creatures vanquished.

Vanquished Creatures (others)
  10 foxfires (D)
10 creatures vanquished.

Grand Total: 42 creatures vanquished

Notes
Turn   | Place    | Note
-------+----------+-------------------------------------------
     0 | D        | mhtbhm the Deep Elf Fire Elementalist began the quest for
                  | the Orb.
     0 | D        | Reached XP level 1. HP: 10/10 MP: 6/6
     0 | D        | Found a shimmering blue altar of Sif Muna.
     0 | D        | Found a bloodstained altar of Trog.
     0 | D        | Found a sacrificial altar of Ru.
     0 | D        | Found a stormy altar of Qazlal.
     0 | D        | Found an iron altar of Okawaru.
     1 | D        | Found a sparkling altar of Nemelex Xobeh.
     1 | D        | Found a blossoming altar of Fedhas.
     2 | D        | Found the +6 Majin-Bo {vamp, MP+6 Int+6}
     2 | D        | Found the +9 heavy crossbow "Sniper" {vorpal, Acc+∞ SInv}
     2 | D        | Found the +10 dark maul {vorpal}
     2 | D        | Found the +15 Maxwell's patent armour {-Cast -Tele rElec
                  | Will+ rCorr}
     2 | D        | Found the +18 shield of the Gong {rElec rN+ Will+ EV-5}
     2 | D        | Found the +14 obsidian axe {vorpal, Drain Fly SInv}
     2 | D        | Found the +7 great mace "Firestarter" {inner flame, rF++}
     2 | D        | Found the +6 shillelagh "Devastator" {shatter}
     2 | D        | Found the +11 plutonium sword {Contam Stlth-}
     2 | D        | Found the +8 lance "Wyrmbane" {slay drac, rPois rF+ rC+
                  | AC+3}
     2 | D        | Found the +9 sword of Zonguldrok {reap}
     2 | D        | Found the +13 scythe of Curses {drain, Drain}
     2 | D        | Found the +5 sword of Power {vorpal}
     2 | D        | Found the +7 mace of Variability {chain chaos}
     2 | D        | Found the +7 Singing Sword {vorpal, sonic wave}
     2 | D        | Found the +8 storm bow {elec, penet}
     3 | D        | Found a transporter.
     3 | D        | Found an ancient bone altar of Kikubaaqudgha.
     3 | D        | Found a viscous altar of Jiyva.
     3 | D        | Found a corrupted altar of Lugonu.
     3 | D        | Found a hazy altar of Hepliaklqana.
     3 | D        | Found a burning altar of Makhleb.
     3 | D        | Found an opulent altar of Gozag.
    35 | D        | Became a worshipper of Vehumet
    55 | D        | Entered arena 2.
    55 | D        | Found a transporter.
    56 | D        | Found the +5 robe of Night {Dark Will+ SInv}
    57 | D        | Reached skill level 4 in Fire Magic
    58 | D        | Reached skill level 5 in Fire Magic
    58 | D        | Reached XP level 2. HP: 15/15 MP: 7/9
    78 | D        | Got the ring "Otreip" {Drain +Blink AC+4 Int+5 SInv}
    85 | D        | Entered arena 3.
    86 | D        | Reached * piety under Vehumet
    86 | D        | Offered knowledge of Sandblast by Vehumet.
    92 | D        | Reached skill level 6 in Fire Magic
    92 | D        | Reached XP level 3. HP: 19/19 MP: 4/11
    96 | D        | Learned a level 3 spell: Conjure Flame
   100 | D        | Learned a level 3 spell: Inner Flame
   145 | D        | Found a transporter.
   158 | D        | Entered arena 4.
   158 | D        | Noticed an air elemental
   158 | D        | Noticed an air elemental
   158 | D        | Noticed an air elemental
   158 | D        | Noticed an air elemental
   160 | D        | Killed an air elemental
   160 | D        | Reached ** piety under Vehumet
   160 | D        | Killed an air elemental
   160 | D        | Killed an air elemental
   160 | D        | Killed an air elemental
   160 | D        | Reached *** piety under Vehumet
   161 | D        | Reached skill level 10 in Spellcasting
   161 | D        | Reached skill level 12 in Fire Magic
   161 | D        | Reached XP level 4. HP: 24/24 MP: 12/18
   161 | D        | Reached XP level 5. HP: 28/28 MP: 12/19
   161 | D        | Reached XP level 6. HP: 32/32 MP: 13/21
   161 | D        | Reached XP level 7. HP: 36/36 MP: 13/22
   166 | D        | Learned a level 4 spell: Sticky Flame
   172 | D        | Learned a level 5 spell: Fireball
   172 | D        | Found a transporter.
   219 | D        | Entered arena 5.
   221 | D        | Reached skill level 13 in Fire Magic
   221 | D        | Reached **** piety under Vehumet
   222 | D        | Found a transporter.
   226 | D        | Got the ring "Coeqegritz" {rF+ MP+9 Str+3}
   265 | D        | Entered arena 6.
   265 | D        | Noticed a tarantella
   265 | D        | Noticed a tarantella
   266 | D        | Offered knowledge of Freeze by Vehumet.
   266 | D        | Killed a tarantella
   267 | D        | Reached skill level 14 in Fire Magic
   267 | D        | Reached XP level 8. HP: 41/41 MP: 22/25
   267 | D        | Reached ***** piety under Vehumet
   268 | D        | Reached skill level 5 in Conjurations
   268 | D        | Found a transporter.
   273 | D        | Got the ring "Jiug" {rElec rC+ SInv}
   298 | D        | Entered arena 7.
   299 | D        | Noticed a flying skull
   300 | D        | Noticed a guardian mummy
   300 | D        | Noticed a guardian mummy
   302 | D        | Killed a flying skull
   304 | D        | Killed a guardian mummy
   304 | D        | Killed a guardian mummy
   305 | D        | Reached skill level 15 in Fire Magic
   305 | D        | Reached XP level 9. HP: 24/45 MP: 3/27
   540 | D        | Found a transporter.
   650 | D        | Entered arena 8.
   651 | D        | Noticed a guardian mummy
   651 | D        | Noticed a mummy priest
   652 | D        | Offered knowledge of Stone Arrow by Vehumet.
   653 | D        | Noticed a flayed ghost
   653 | D        | Noticed a shadow wraith
   654 | D        | Killed a mummy priest
   654 | D        | Reached ****** piety under Vehumet
   655 | D        | Reached skill level 16 in Fire Magic
   655 | D        | Reached skill level 5 in Evocations
   655 | D        | Killed a guardian mummy
   873 | D        | Found a transporter.
   877 | D        | Got the +2 pair of boots of the Beggar {Dex+3}
   985 | D        | Learned a level 3 spell: Stone Arrow
   986 | D        | Entered arena 9.
   988 | D        | Offered knowledge of Hailstorm by Vehumet.
   988 | D        | Noticed Boam the pandemonium lord
   988 | D        | Noticed Tyeck the pandemonium lord
   989 | D        | Noticed Xaozekob the pandemonium lord
   990 | D        | Noticed a fire dragon
   992 | D        | Killed from afar by Xaozekob the pandemonium lord

Illustrated notes

Levels and vault maps discovered:
D:        sprint_v [room_start, room_1, room_2, room_3, room_4, room_5, room_6,
          room_7, room_8, room_9, room_10, room_11, room_12, room_13, room_14,
          room_15, room_16, room_17, room_18, room_19, room_20, room_21,
          room_22, room_23, room_24, room_25, room_26, room_27]

Skill      XL: |  1  2  3  4  5  6  7  8  9 |
---------------+----------------------------+-----
Fire Magic     | 5 6 12 14 15 16 | 16.2
Dodging        | 3 7 8 9 |  9.4
Stealth        | 3 |  3.0
Spellcasting   | 4 10 11 12 13 | 13.8
Conjurations   | 4 6 8 |  8.2
Evocations     | 3 4 5 |  5.6

Action                   |  1- 3 |  4- 6 |  7- 9 || total
-------------------------+-------+-------+-------++-------
 Cast: Foxfire           |     5 |       |       ||     5
       Fireball          |       |       |    16 ||    16
Evoke: Lightning rod     |     3 |       |       ||     3
       Tin of tremorston |     2 |       |       ||     2
       Wand              |       |       |     2 ||     2
       Box of beasts     |       |       |     1 ||     1
  Use: Potion            |       |       |     1 ||     1
Armor: Robe              |     1 |       |       ||     1
Dodge: Dodged            |     1 |       |     1 ||     2

Table legend: (Time is in decaauts)
 A = Elapsed time spent in this place.
 B = Non-inter-level travel time spent in this place.
 C = Inter-level travel time spent in this place.
 D = Time resting spent in this place.
 E = Time spent auto-exploring this place.
 F = Levels seen in this place.
 G = Mean time per level.
                   A        B        C        D        E       F      G
               +--------+--------+--------+--------+--------+-----+--------+
         Total |    989 |    989 |      0 |    757 |      0 |   1 |  989.0 |
       Dungeon |    989 |    989 |      0 |    757 |      0 |   1 |  989.0 |
               +--------+--------+--------+--------+--------+-----+--------+

Top non-repeatable levels by time:
       D: 989 daAuts
